[Event "Titled Tuesday Blitz December 06 Early 2022"]
[White "Boyer, Mahel"]
[Black "Omariev, Maksim"]
[WhiteFideId "45102422"]
[BlackFideId "4193423"]
[WhiteElo "2455"]
[BlackElo "2460"]
[Result "1-0"]
[Round "04"]
[TimeControl "180+1"]
[Date "2022.12.07"]
[WhiteClock "0:00:07"]
[BlackClock "0:00:01"]

1. d4 d5 2. Nf3 Nf6 3. g3 Bf5 4. Bg2 e6 5. c4 c6 6. O-O Nbd7 7. Nc3 h6 8. Qb3 Qb6 9. c5 Qc7 10. Bf4 Qc8 11. Nh4 Bh7 12. Nf3 Be7 13. Nd2 O-O 14. e4 dxe4 15. Ndxe4 Nxe4 16. Nxe4 e5 17. Bxe5 Nxe5 18. dxe5 Bxe4 19. Bxe4 Bxc5 20. Qc2 Bd4 21. Rfe1 Re8 22. Rad1 Bxe5 23. Bf5 Qb8 24. Rd7 Bf6 25. Rxe8+ Qxe8 26. Rxb7 Rd8 27. Rxa7 g6 28. Be4 Rd4 29. Ra4 Rd6 30. Rc4 Re6 31. b3 c5 32. Bd5 Re1+ 33. Kg2 Kg7 34. Rxc5 Bd4 35. Rc7 Re2 36. Rxf7+ Qxf7 37. Qxe2 Qxd5+ 38. Qf3 Qxf3+ 39. Kxf3 Kf6 40. b4 Ke5 41. a4 Bc3 42. b5 Ba5 43. Ke3 Bb6+ 44. Ke2 g5 45. f4+ gxf4 46. Kf3 fxg3 47. Kxg3 Kf5 48. Kh4 Kg6 49. Kg4 h5+ 50. Kf3 Kg5 51. Ke4 Kg4 52. Kd5 Kh3 53. Kc6 Ba5 54. b6 Bd2 55. a5 Bf4 56. a6 Kxh2 57. a7 h4 58. a8=Q h3 59. Qg8 Bg3 60. Qa2+ Kg1 61. Qb1+ Kg2 62. Qc2+ Bf2 63. Qe4+ Kg1 64. Qg4+ Kf1 65. Qxh3+ Kg1 66. b7 Bg3 67. Qxg3+ Kh1 68. Qg4 Kh2 69. b8=Q+ Kh1 70. Qb1+ Kh2 71. Qc2+ 1-0


[Site "https://www.chess.com"]

[Event "Titled Tuesday Blitz December 06 Early 2022"]
[White "Chernomordik, Pavel"]
[Black "Palacio,Igor Da Paz"]
[WhiteFideId "2804530"]
[BlackFideId "2121140"]
[WhiteElo "2193"]
[BlackElo "2126"]
[Result "0-1"]
[Round "04"]
[TimeControl "180+1"]
[Date "2022.12.07"]
[WhiteClock "0:00:37"]
[BlackClock "0:00:14"]

1. e4 c5 2. Nc3 d6 3. f4 Nc6 4. Nf3 Nf6 5. Bb5 Bd7 6. O-O e5 7. Bxc6 Bxc6 8. d3 Be7 9. h3 Nd7 10. fxe5 Nxe5 11. Nxe5 dxe5 12. Qh5 Qd4+ 13. Kh1 O-O 14. Rf3 f5 15. Be3 Qd6 16. Raf1 f4 17. Bg1 Be8 18. Qg4 h5 19. Qf5 Rxf5 20. exf5 Bc6 21. Ne4 Bxe4 22. dxe4 Qc6 23. Re1 Rd8 24. Re2 Rd1 25. Kh2 Bh4 26. Bf2 Bxf2 27. Rfxf2 Rd4 28. c3 Rxe4 29. Rd2 Qc8 30. g4 fxg3+ 31. Kxg3 Re3+ 32. Kh2 e4 33. f6 Qc7+ 34. Kh1 gxf6 35. Rg2+ Kf7 36. Rd1 Rxh3+ 37. Kg1 Rg3 38. Kf2 Rxg2+ 39. Kxg2 Qf4 40. Rf1 Qg4+ 41. Kf2 f5 42. Ke1 f4 0-1


[Site "https://www.chess.com"]

[Event "Titled Tuesday Blitz December 06 Early 2022"]
[White "Chernov, Mikhail"]
[Black "Larina, Maria"]
[WhiteFideId "24143170"]
[BlackFideId "24113182"]
[WhiteElo "2113"]
[BlackElo "1848"]
[Result "1-0"]
[Round "04"]
[TimeControl "180+1"]
[Date "2022.12.07"]
[WhiteClock "0:01:50"]
[BlackClock "0:00:16"]

1. e4 c6 2. d4 d5 3. e5 c5 4. dxc5 Nc6 5. Nf3 Bg4 6. c3 Bxf3 7. Qxf3 Nxe5 8. Bb5+ Nc6 9. O-O e6 10. Be3 Nf6 11. Rd1 Qa5 12. c4 a6 13. cxd5 axb5 14. dxc6 Nd5 15. cxb7 Rb8 16. Nc3 Rxb7 17. Nxd5 exd5 18. Qxd5 Qc7 19. Bf4 Qc8 20. Re1+ Be7 21. Bd6 Kf8 22. Rxe7 Rxe7 23. Re1 1-0


[Site "https://www.chess.com"]

[Event "Titled Tuesday Blitz December 06 Early 2022"]
[White "Chigaev, Maksim"]
[Black "Putnam, Liam"]
[WhiteFideId "4108116"]
[BlackFideId "30938279"]
[WhiteElo "2542"]
[BlackElo "2082"]
[Result "1-0"]
[Round "04"]
[TimeControl "180+1"]
[Date "2022.12.06"]
[WhiteClock "0:00:08"]
[BlackClock "0:00:03"]

1. e4 c5 2. Nf3 d6 3. d4 cxd4 4. Nxd4 Nf6 5. Nc3 Nc6 6. Bg5 e6 7. Bb5 Bd7 8. Qd3 Be7 9. O-O-O O-O 10. Bxc6 bxc6 11. Nb3 d5 12. e5 Ne8 13. Bxe7 Qxe7 14. Qe3 Nc7 15. Nc5 Rfb8 16. N3e4 Rb4 17. a3 Rxe4 18. Nxe4 dxe4 19. Qxe4 Nd5 20. c4 Nb6 21. Rd6 Nc8 22. Rd2 Rb8 23. Rhd1 Nb6 24. f4 h6 25. g3 Be8 26. h4 Na4 27. Qe3 Nc5 28. Rd6 Nb3+ 29. Kb1 Na5 30. Qc3 Nb7 31. R6d4 Nc5 32. Qc2 g6 33. h5 Kg7 34. Rd6 Qb7 35. g4 Na4 36. R1d2 Qb3 37. Qxb3 Rxb3 38. hxg6 fxg6 39. Rxe6 Bf7 40. Rd7 Rxb2+ 41. Kc1 Rb8 42. Ree7 Rf8 43. e6 Kf6 44. Rxf7+ Rxf7 45. exf7 Kg7 46. Kc2 Nc5 47. Rxa7 h5 48. gxh5 gxh5 49. Ra5 Ne6 50. Rxh5 Kxf7 51. f5 Ng7 52. Rh7 Kg8 53. Rxg7+ Kxg7 54. a4 1-0


[Site "https://www.chess.com"]

[Event "Titled Tuesday Blitz December 06 Early 2022"]
[White "Cramling Bellon, Anna"]
[Black "Rose, Felix"]
[WhiteFideId "32009232"]
[BlackFideId "5105722"]
[WhiteElo "1972"]
[BlackElo "2039"]
[Result "1-0"]
[Round "04"]
[TimeControl "180+1"]
[Date "2022.12.07"]
[WhiteClock "0:00:36"]
[BlackClock "0:01:01"]

1. d4 d5 2. c4 e6 3. Nc3 Nf6 4. cxd5 exd5 5. Bg5 c6 6. e3 Be7 7. Bd3 Nbd7 8. Qc2 h6 9. Bh4 Nh5 10. Bxe7 Qxe7 11. Nf3 Nf4 12. O-O-O Nxd3+ 13. Qxd3 Nf6 14. Ne5 g6 15. f3 Be6 16. e4 O-O-O 17. exd5 Nxd5 18. Rhe1 Qg5+ 19. Kb1 Qxg2 20. Nxd5 Rxd5 21. Nxg6 Bf5 22. Ne7+ Kd7 23. Nxf5 Qg6 24. Ne3 1-0


[Site "https://www.chess.com"]

[Event "Titled Tuesday Blitz December 06 Early 2022"]
[White "Crevatin, Leo"]
[Black "Liu, Xiangyi"]
[WhiteFideId "1726307"]
[BlackFideId "8605718"]
[WhiteElo "2190"]
[BlackElo "2323"]
[Result "1/2-1/2"]
[Round "04"]
[TimeControl "180+1"]
[Date "2022.12.07"]
[WhiteClock "0:00:03"]
[BlackClock "0:00:12"]

1. d4 Nf6 2. Bf4 g6 3. e3 d6 4. h3 Bg7 5. Nf3 O-O 6. Be2 Nfd7 7. O-O e5 8. Bh2 Nc6 9. c4 f5 10. Nc3 h6 11. a3 Kh7 12. b4 e4 13. Nd2 g5 14. c5 dxc5 15. bxc5 Nxc5 16. Nb5 Ne6 17. Rc1 a6 18. Nc3 Ne7 19. Nc4 b5 20. Ne5 Bb7 21. Qb3 Rf6 22. a4 c6 23. Rfd1 Nc7 24. f3 exf3 25. Bxf3 Ncd5 26. e4 Nxc3 27. Rxc3 f4 28. Kh1 Rb8 29. Bg1 Ba8 30. Ng4 Rd6 31. Rcd3 h5 32. Ne5 Qe8 33. Qb4 Rh6 34. Be2 g4 35. Qd2 f3 36. gxf3 gxh3 37. f4 Ng6 38. Rxh3 c5 39. Bf3 cxd4 40. Nxg6 Qxg6 41. e5 Bxf3+ 42. Rxf3 Qe4 43. Qd3 Qxd3 44. Rfxd3 bxa4 45. Rxd4 a3 46. Ra4 Rb3 47. Bh2 Bf8 48. f5 Rhb6 49. e6 Rb1 50. Rxb1 Rxb1+ 51. Kg2 Rb2+ 52. Kh3 Be7 53. Be5 Rb3+ 54. Kg2 Re3 55. Bd4 Re2+ 56. Kf3 Rd2 57. f6 Rd3+ 58. Ke4 Rxd4+ 59. Kxd4 Bxf6+ 60. Kd5 Be7 61. Rxa6 Kg6 62. Kc6 Kf6 63. Kd7 h4 64. Ra4 h3 65. Rf4+ Ke5 66. Rf1 Bc5 67. e7 Bxe7 68. Kxe7 h2 69. Rh1 a2 70. Kd7 Kf4 71. Kc6 Kg3 72. Ra1 Kf3 73. Kd5 Kg2 74. Rxa2+ Kg1 75. Rxh2 Kxh2 1/2-1/2


[Site "https://www.chess.com"]

[Event "Titled Tuesday Blitz December 06 Early 2022"]
[White "Csonka, Balazs"]
[Black "Vlassov, Nikolai"]
[WhiteFideId "742910"]
[BlackFideId "4103360"]
[WhiteElo "2404"]
[BlackElo "2324"]
[Result "1/2-1/2"]
[Round "04"]
[TimeControl "180+1"]
[Date "2022.12.07"]
[WhiteClock "0:00:04"]
[BlackClock "0:00:30"]

1. e4 Nc6 2. Nc3 Nf6 3. d4 d5 4. e5 Nd7 5. Nxd5 Ndb8 6. Nc3 Qxd4 7. Qxd4 Nxd4 8. Bd3 Bf5 9. Bxf5 Nxf5 10. Bf4 e6 11. O-O-O Nc6 12. Nf3 Be7 13. h4 h5 14. g3 a6 15. Ne4 Rd8 16. Neg5 O-O 17. c3 Rxd1+ 18. Rxd1 Rd8 19. Rxd8+ Nxd8 20. Ne4 Kf8 21. Kd2 Nc6 22. Kd3 Ke8 23. Bg5 Bxg5 24. Nexg5 Ke7 25. Ke4 f6 26. Nh3 fxe5 27. Nxe5 Nd6+ 28. Kf4 Nxe5 29. Kxe5 Nc4+ 30. Kf4 Nxb2 31. Kg5 Nd1 32. c4 a5 33. Kxh5 Nc3 34. Kg6 Nxa2 35. Kxg7 a4 36. h5 a3 37. h6 Nc1 38. h7 a2 39. h8=Q a1=Q+ 40. Kg8 Qxh8+ 41. Kxh8 Nd3 42. Kg7 Ne5 43. f4 Nxc4 44. g4 Nd6 45. Kg6 b5 46. f5 exf5 47. gxf5 Ne4 48. Nf4 c5 49. Nd3 c4 50. Nb4 Kd6 51. f6 Nxf6 52. Kxf6 Kc5 53. Na6+ Kd4 54. Kf5 c3 55. Nb4 Kc4 56. Nc2 b4 57. Ke4 b3 58. Ne3+ Kb4 59. Kd3 c2 60. Nxc2+ bxc2 61. Kxc2 1/2-1/2


[Site "https://www.chess.com"]

[Event "Titled Tuesday Blitz December 06 Early 2022"]
[White "Dardha, Daniel"]
[Black "Bortnyk, Olexandr"]
[WhiteFideId "240990"]
[BlackFideId "14120828"]
[WhiteElo "2528"]
[BlackElo "2723"]
[Result "1-0"]
[Round "04"]
[TimeControl "180+1"]
[Date "2022.12.06"]
[WhiteClock "0:01:08"]
[BlackClock "0:00:04"]

1. e4 Nf6 2. e5 Nd5 3. Nf3 d6 4. d4 dxe5 5. Nxe5 c6 6. Be2 Bf5 7. O-O Nd7 8. Nf3 e6 9. c4 N5f6 10. Nc3 Bd6 11. h3 h6 12. Qb3 Qc7 13. Be3 O-O 14. Rac1 Rfe8 15. Rfe1 b6 16. d5 exd5 17. cxd5 Nc5 18. Qd1 Rad8 19. b4 Nce4 20. Nb5 Qe7 21. Nxd6 Rxd6 22. Nd4 Nxd5 23. Nxf5 Qf6 24. Nxd6 Qxd6 25. Bf3 Qxb4 26. Qd4 1-0


[Site "https://www.chess.com"]

[Event "Titled Tuesday Blitz December 06 Early 2022"]
[White "De Souza, Cristiano Gomes"]
[Black "Shubenkova, Veronika"]
[WhiteFideId "2151758"]
[BlackFideId "44124040"]
[WhiteElo "2068"]
[BlackElo "2027"]
[Result "1-0"]
[Round "04"]
[TimeControl "180+1"]
[Date "2022.12.07"]
[WhiteClock "0:00:14"]
[BlackClock "0:00:03"]

1. d4 d5 2. c4 e6 3. Nf3 Nf6 4. Nc3 Be7 5. Bg5 O-O 6. e3 Nbd7 7. c5 c6 8. b4 Ne4 9. Bxe7 Qxe7 10. Nxe4 dxe4 11. Nd2 f5 12. Be2 Nf6 13. Nc4 Rd8 14. O-O Bd7 15. Nd6 Be8 16. a4 a6 17. Rb1 Nd5 18. Qd2 g6 19. b5 axb5 20. axb5 Rdb8 21. Rb2 Kg7 22. Rfb1 Kh6 23. f3 Qg5 24. f4 Qe7 25. h3 Ra3 26. Rb3 Rba8 27. bxc6 Bxc6 28. Bc4 Qh4 29. Nxb7 Qg3 30. Qf2 Qxf2+ 31. Kxf2 Ra2+ 32. R1b2 Rxb2+ 33. Rxb2 Ra3 34. Bxd5 Bxd5 35. Nd8 Ra8 36. Nf7+ Kg7 37. Ne5 Ra6 38. Rb6 Ra2+ 39. Kg1 Ra1+ 40. Kh2 Rc1 41. c6 Kf8 42. Rb8+ Ke7 43. Rb7+ Kd8 44. Rg7 Bxc6 45. Rxh7 Bb5 46. Nxg6 Rc2 47. Kg1 Rc1+ 48. Kf2 Rc2+ 49. Kg3 Bf1 50. Kh4 Rxg2 51. Nf8 Rh2 52. Nxe6+ Kc8 53. Kg5 Bxh3 54. d5 Rg2+ 55. Kf6 Bg4 56. d6 Rd2 57. Ke5 Bd1 58. Rc7+ Kb8 59. Nc5 1-0


[Site "https://www.chess.com"]

[Event "Titled Tuesday Blitz December 06 Early 2022"]
[White "Donskov, Anatoly"]
[Black "Yaran, Siar"]
[WhiteFideId "24143413"]
[BlackFideId "6323006"]
[WhiteElo "2219"]
[BlackElo "2191"]
[Result "1-0"]
[Round "04"]
[TimeControl "180+1"]
[Date "2022.12.07"]
[WhiteClock "0:01:21"]
[BlackClock "0:01:26"]

1. e4 c5 2. Nf3 d6 3. d4 cxd4 4. Nxd4 Nf6 5. Nc3 a6 6. f4 e5 7. Nf3 Qc7 8. a4 h6 9. Bd3 Be6 10. O-O Nbd7 11. Kh1 Be7 12. Qe2 Rc8 13. Bd2 O-O 14. a5 Rfd8 15. Nh4 Nxe4 16. Qxe4 Nf6 17. Qe1 Bc4 18. Nf5 Bf8 19. fxe5 dxe5 20. Qg3 Kh8 21. Nxh6 gxh6 22. Rxf6 Bxd3 23. cxd3 e4 24. Bf4 Qc5 25. Be5 1-0


[Site "https://www.chess.com"]

[Event "Titled Tuesday Blitz December 06 Early 2022"]
[White "Durarbayli, Vasif"]
[Black "Tanenbaum, Zachary"]
[WhiteFideId "13402935"]
[BlackFideId "2060850"]
[WhiteElo "2576"]
[BlackElo "2175"]
[Result "1-0"]
[Round "04"]
[TimeControl "180+1"]
[Date "2022.12.06"]
[WhiteClock "0:00:45"]
[BlackClock "0:01:35"]

1. e4 e5 2. Nf3 Nc6 3. Bb5 a6 4. Ba4 d6 5. O-O Nf6 6. Re1 Be7 7. c3 O-O 8. h3 b5 9. Bc2 Nb8 10. d4 Nbd7 11. Nbd2 Bb7 12. Nf1 Re8 13. Ng3 Bf8 14. a4 g6 15. Bd3 c6 16. Bg5 Bg7 17. b4 Qe7 18. Qb1 Nb6 19. axb5 cxb5 20. d5 Rac8 21. Qb3 Rc7 22. Nd2 Rec8 23. Rec1 Qf8 24. Be3 Bh6 25. Bxb6 Bxd2 26. Bxc7 Bxc1 27. Bxd6 Qh6 28. Bxe5 Qd2 29. Bxf6 Bb2 30. Rd1 Qf4 31. Bd4 1-0


[Site "https://www.chess.com"]

[Event "Titled Tuesday Blitz December 06 Early 2022"]
[White "Dushyant Sharma"]
[Black "Makhmudov, Shukhrat"]
[WhiteFideId "25065130"]
[BlackFideId "14200775"]
[WhiteElo "2280"]
[BlackElo "2135"]
[Result "1-0"]
[Round "04"]
[TimeControl "180+1"]
[Date "2022.12.07"]
[WhiteClock "0:00:16"]
[BlackClock "0:00:11"]

1. e4 e5 2. Nf3 Nc6 3. Nc3 Nf6 4. Bb5 Nd4 5. Nxd4 exd4 6. e5 dxc3 7. exf6 Qxf6 8. bxc3 Be7 9. O-O O-O 10. d4 d5 11. Bd3 c6 12. Rb1 Bd6 13. c4 dxc4 14. Bxc4 Qh4 15. f4 Qf6 16. c3 b5 17. Bd3 Bf5 18. a4 a6 19. Kh1 Qg6 20. Bxf5 Qxf5 21. Bd2 Rfe8 22. axb5 axb5 23. Ra1 Qd3 24. Rxa8 Rxa8 25. f5 Ra2 26. Bg5 Qxc3 27. f6 Qc2 28. Qg4 Qe2 29. Qc8+ Bf8 30. Rg1 h6 31. fxg7 Kxg7 32. Bxh6+ Kxh6 33. Qxf8+ Kg6 34. Qg8+ Kf6 35. Qd8+ Kg7 36. Qg5+ Kf8 37. Qc5+ Kg7 38. Qxc6 Qc4 39. Qe4 b4 40. Qg4+ Kf8 41. Re1 b3 42. Qf4 Qb4 43. Qh6+ Kg8 44. Re8+ 1-0


[Site "https://www.chess.com"]

[Event "Titled Tuesday Blitz December 06 Early 2022"]
[White "Dzhaparov, Medet"]
[Black "Farmani Anosheh, Armin"]
[WhiteFideId "13803689"]
[BlackFideId "24613240"]
[WhiteElo "1702"]
[BlackElo "2289"]
[Result "0-1"]
[Round "04"]
[TimeControl "180+1"]
[Date "2022.12.07"]
[WhiteClock "0:00:13"]
[BlackClock "0:00:58"]

1. e4 c5 2. Nf3 d6 3. d4 cxd4 4. Nxd4 Nf6 5. Nc3 Nc6 6. Bb5 Bd7 7. O-O Nxd4 8. Bxd7+ Qxd7 9. Qxd4 e6 10. Re1 Qc6 11. Bg5 Be7 12. Rad1 Rc8 13. Bxf6 Bxf6 14. Qxd6 Qxd6 15. Rxd6 Bxc3 16. bxc3 Rxc3 17. Rd2 O-O 18. Rb1 b6 19. Rbd1 Ra3 20. c4 g6 21. Rc2 Rc8 22. Kf1 Rc5 23. Ke2 Rca5 24. Rdd2 Kg7 25. g3 g5 26. Rb2 g4 27. Kf1 Kf6 28. Kg2 h5 29. h3 Ke5 30. hxg4 hxg4 31. Re2 R3a4 32. Rbc2 Rc5 33. Red2 Rcxc4 34. Rxc4 Rxc4 35. Rd7 Ra4 36. Rxf7 Rxa2 37. Rf4 b5 38. Rxg4 b4 39. Rg7 a5 40. Re7 Kxe4 41. Rxe6+ Kd5 42. Rb6 Kc5 43. Rb8 a4 44. g4 b3 45. g5 Rd2 46. g6 Rd6 47. g7 Rg6+ 48. Kf1 Rxg7 49. Rc8+ Kb6 50. Rb8+ Rb7 51. Rf8 b2 52. Rf7 Rxf7 0-1


[Site "https://www.chess.com"]

[Event "Titled Tuesday Blitz December 06 Early 2022"]
[White "Erzhanov, Arman"]
[Black "Muminova, Nafisa"]
[WhiteFideId "4138821"]
[BlackFideId "14201526"]
[WhiteElo "2176"]
[BlackElo "2258"]
[Result "1-0"]
[Round "04"]
[TimeControl "180+1"]
[Date "2022.12.07"]
[WhiteClock "0:01:26"]
[BlackClock "0:00:16"]

1. e4 e6 2. d4 d5 3. Nd2 c5 4. exd5 Qxd5 5. Ngf3 cxd4 6. Bc4 Qd7 7. Qe2 Nc6 8. Nb3 Nf6 9. Bg5 Bb4+ 10. Bd2 Bxd2+ 11. Qxd2 e5 12. Bb5 O-O 13. O-O-O Re8 14. Rhe1 Qd6 15. c3 Bg4 16. cxd4 exd4 17. Rxe8+ Rxe8 18. Nbxd4 Ne4 19. Qc2 Nb4 20. Qb3 Rc8+ 21. Kb1 Nxf2 22. Rf1 Qg6+ 23. Ka1 Nc2+ 24. Nxc2 Rxc2 25. Ne5 Qe4 26. Qxf7+ 1-0


[Site "https://www.chess.com"]

[Event "Titled Tuesday Blitz December 06 Early 2022"]
[White "Fiedorek, Michal"]
[Black "Aloma Vidal, Robert"]
[WhiteFideId "1199528"]
[BlackFideId "2260409"]
[WhiteElo "2201"]
[BlackElo "2435"]
[Result "0-1"]
[Round "04"]
[TimeControl "180+1"]
[Date "2022.12.07"]
[WhiteClock "0:00:01"]
[BlackClock "0:00:41"]

1. e4 e5 2. Nf3 Nf6 3. Nxe5 d6 4. Nf3 Nxe4 5. Nc3 Nf6 6. d4 g6 7. Bg5 Bg7 8. Qd2 h6 9. Bh4 O-O 10. O-O-O a6 11. Kb1 b5 12. Bd3 Bb7 13. Rhe1 Nbd7 14. Ne4 Bd5 15. Qf4 b4 16. Nxf6+ Nxf6 17. h3 a5 18. g4 a4 19. g5 hxg5 20. Nxg5 b3 21. cxb3 axb3 22. a3 Qd7 23. Re3 Nh5 24. Qg4 Qxg4 25. hxg4 Nf4 26. Be4 Rfe8 27. Bg3 Bxe4+ 28. Rxe4 Ne2 29. Bh2 Rxe4 30. Nxe4 Nxd4 31. Nc3 Ra5 0-1


[Site "https://www.chess.com"]

[Event "Titled Tuesday Blitz December 06 Early 2022"]
[White "Forgacs, Attila Jr."]
[Black "Koellner, Ruben Gideon"]
[WhiteFideId "773654"]
[BlackFideId "12993093"]
[WhiteElo "2168"]
[BlackElo "2303"]
[Result "0-1"]
[Round "04"]
[TimeControl "180+1"]
[Date "2022.12.07"]
[WhiteClock "0:00:11"]
[BlackClock "0:00:59"]

1. e4 d6 2. d3 Nf6 3. g3 e5 4. Bg2 Be7 5. Nc3 O-O 6. f4 Nc6 7. f5 Nd4 8. Nf3 c5 9. O-O h6 10. Nxd4 cxd4 11. Ne2 Bd7 12. h3 Rc8 13. Bd2 Qb6 14. b3 Rc5 15. c4 dxc3 16. Be3 d5 17. Bxc5 Bxc5+ 18. Kh2 d4 19. g4 Ba3 20. Ng3 Rc8 21. Qc2 Bb5 22. Rg1 Nd7 23. Nh5 f6 24. h4 Be7 25. Bf3 Nb8 26. Rg3 Kf7 27. Rag1 Rh8 28. Rh3 Na6 29. g5 fxg5 30. hxg5 Bxg5 31. f6 g6 32. Ng3 Qxf6 33. Bg4 Nb4 34. Qe2 Bxd3 35. Qg2 c2 36. a3 Nc6 37. Nf5 gxf5 38. Bh5+ Ke7 39. Rxd3 c1=Q 40. Rxc1 Bxc1 41. Rg3 Bf4 0-1


[Site "https://www.chess.com"]

[Event "Titled Tuesday Blitz December 06 Early 2022"]
[White "Franca, Ricardo Bedin"]
[Black "Fabris, Alberto"]
[WhiteFideId "2107066"]
[BlackFideId "801348"]
[WhiteElo "2478"]
[BlackElo "2166"]
[Result "1/2-1/2"]
[Round "04"]
[TimeControl "180+1"]
[Date "2022.12.07"]
[WhiteClock "0:01:32"]
[BlackClock "0:00:19"]

1. e4 c6 2. d4 d5 3. Nd2 dxe4 4. Nxe4 Nf6 5. Nxf6+ exf6 6. Bc4 Bd6 7. Qe2+ Qe7 8. Qxe7+ Bxe7 9. Bf4 O-O 10. Ne2 Nd7 11. O-O Nb6 12. Bb3 Be6 13. Bxe6 fxe6 14. b3 Nd5 15. Bd2 Rad8 16. c4 Nc7 17. Bc3 Bd6 18. Rad1 Rfe8 19. Ng3 Kf7 20. Ne4 Be7 21. f4 f5 22. Nc5 Bxc5 23. dxc5 g6 24. b4 a6 25. Be5 Rxd1 26. Rxd1 Re7 27. Rd8 Ne8 28. Bd6 Nxd6 29. cxd6 Re8 30. Rd7+ Kf6 31. Rxb7 e5 32. fxe5+ Rxe5 33. Rc7 Ke6 34. Rxc6 Re4 35. Rxa6 Rxc4 36. a3 Rc2 37. b5 Rb2 38. a4 f4 39. h4 h6 40. d7+ Kxd7 41. Rxg6 Rb4 42. Ra6 h5 43. Kf2 Rb3 44. b6 Kc6 45. a5 Kb7 46. Ra7+ Kb8 47. Ke2 Rg3 48. a6 Rxg2+ 49. Kf3 Rb2 50. Rb7+ Ka8 51. Kxf4 Rf2+ 52. Ke5 Rf5+ 53. Kd4 Rd5+ 54. Kc4 Rc5+ 55. Kb4 Rc4+ 56. Kb3 Rc3+ 57. Kb2 Rc2+ 58. Kb3 Rc3+ 59. Kb4 Rc4+ 60. Kb5 Rc5+ 61. Kxc5 1/2-1/2


[Site "https://www.chess.com"]

[Event "Titled Tuesday Blitz December 06 Early 2022"]
[White "Gabdrakhmanov, Azat"]
[Black "Moroni, Luca Jr"]
[WhiteFideId "34189197"]
[BlackFideId "865834"]
[WhiteElo "2254"]
[BlackElo "2573"]
[Result "0-1"]
[Round "04"]
[TimeControl "180+1"]
[Date "2022.12.07"]
[WhiteClock "0:00:34"]
[BlackClock "0:01:13"]

1. e4 d6 2. d4 e5 3. Ne2 exd4 4. Nxd4 Nf6 5. Nc3 Be7 6. g3 O-O 7. Bg2 Re8 8. O-O Bf8 9. Re1 c6 10. h3 a5 11. b3 Na6 12. Bb2 Nc5 13. a4 Qb6 14. Kh2 Bd7 15. Qd2 Rad8 16. Re2 Bc8 17. Rae1 Ncd7 18. f4 Nc5 19. Nf3 h6 20. Qc1 Qc7 21. e5 dxe5 22. fxe5 Nh7 23. Ne4 Nxe4 24. Rxe4 Bf5 25. Rf4 Be6 26. c4 Bb4 27. Bc3 Rd3 28. Bxb4 axb4 29. Nd4 Qd7 30. Nxe6 Rxe6 31. Qb2 Rd2 32. Qb1 Re7 33. Ref1 Ng5 34. h4 Qh3+ 0-1


[Site "https://www.chess.com"]

[Event "Titled Tuesday Blitz December 06 Early 2022"]
[White "Gabuzyan, Hovhannes"]
[Black "Oparin, Grigoriy"]
[WhiteFideId "13303732"]
[BlackFideId "24125890"]
[WhiteElo "2486"]
[BlackElo "2641"]
[Result "1-0"]
[Round "04"]
[TimeControl "180+1"]
[Date "2022.12.06"]
[WhiteClock "0:00:42"]
[BlackClock "0:00:03"]

1. e4 c5 2. Nc3 g6 3. d4 Bg7 4. Be3 cxd4 5. Bxd4 Nf6 6. e5 Nh5 7. Bb5 a6 8. Ba4 b5 9. Bb3 Nc6 10. Nf3 O-O 11. O-O Bb7 12. Re1 Nxd4 13. Nxd4 Nf4 14. g3 Nh3+ 15. Kf1 e6 16. Qg4 Nxf2 17. Kxf2 f6 18. Nxe6 dxe6 19. Qxe6+ Kh8 20. Rad1 fxe5+ 21. Kg1 Qg5 22. Bd5 Rae8 23. Qd7 Bc8 24. Ne4 Qh5 25. Qa7 Rd8 26. Qc7 Bg4 27. Rd3 Rd7 28. Qc5 Rfd8 29. Bb3 Rxd3 30. cxd3 h6 31. Nd6 Kh7 32. Qc7 Rd7 33. Qb8 g5 34. Bg8+ Kg6 35. Qe8+ Kf6 36. Ne4+ Kf5 37. Qe6# 1-0


[Site "https://www.chess.com"]

[Event "Titled Tuesday Blitz December 06 Early 2022"]
[White "Garv Gaur"]
[Black "Boros, Denes"]
[WhiteFideId "45030839"]
[BlackFideId "722340"]
[WhiteElo "2056"]
[BlackElo "2464"]
[Result "0-1"]
[Round "04"]
[TimeControl "180+1"]
[Date "2022.12.07"]
[WhiteClock "0:01:50"]
[BlackClock "0:02:14"]

1. d4 Nc6 2. c4 e5 3. e3 Bb4+ 4. Bd2 Bxd2+ 5. Qxd2 Nf6 6. Nc3 exd4 7. exd4 d5 8. cxd5 Nxd5 9. Nf3 Bg4 10. Be2 O-O 11. O-O Re8 12. Rfe1 Qd6 13. h3 Bh5 14. Rad1 Nf4 15. Ne5 Nxe5 16. Bxh5 Nc4 17. Ne4 Rxe4 0-1


[Site "https://www.chess.com"]

[Event "Titled Tuesday Blitz December 06 Early 2022"]
[White "Gheorghiu, Calin"]
[Black "Lauridsen, Jesper Morch"]
[WhiteFideId "1200305"]
[BlackFideId "1401890"]
[WhiteElo "2224"]
[BlackElo "2262"]
[Result "1-0"]
[Round "04"]
[TimeControl "180+1"]
[Date "2022.12.07"]
[WhiteClock "0:00:54"]
[BlackClock "0:00:08"]

1. e4 e5 2. Nf3 d5 3. exd5 Bd6 4. Nc3 Nf6 5. d4 e4 6. Ng5 Bf5 7. Qe2 O-O 8. Be3 h6 9. Nh3 Bg4 10. Qd2 Bb4 11. Bc4 Nbd7 12. Bb3 Nb6 13. a3 Ba5 14. Nf4 g5 15. Nfe2 Nbxd5 16. Bxd5 Bxe2 17. b4 Nxd5 18. Nxd5 Qxd5 19. Qxe2 Bb6 20. c4 Qc6 21. d5 Qf6 22. O-O Bxe3 23. Qxe3 Rfe8 24. c5 Qf4 25. Qxf4 gxf4 26. Rfe1 e3 27. Rad1 Rad8 28. Rd3 Re5 29. fxe3 fxe3 30. Rexe3 Rxe3 31. Rxe3 Rxd5 32. Re7 b6 33. Rxc7 bxc5 34. Rxc5 Rd3 35. Ra5 Rd7 36. Ra6 Kg7 37. Kf2 f6 38. Kf3 Kg6 39. h4 h5 40. Ke4 Re7+ 41. Kd5 Re2 42. Rxa7 Kf5 43. b5 Rxg2 44. b6 Rb2 45. b7 Kg4 46. Ra4+ Kh3 47. Rb4 Rd2+ 48. Ke4 Rd8 49. b8=Q f5+ 50. Kxf5 Rd5+ 51. Ke4 Rd4+ 52. Rxd4 1-0


[Site "https://www.chess.com"]

[Event "Titled Tuesday Blitz December 06 Early 2022"]
[White "Ghosh, Chanchal Kumer"]
[Black "Sadilek, Peter"]
[WhiteFideId "10201858"]
[BlackFideId "1616439"]
[WhiteElo "2058"]
[BlackElo "2227"]
[Result "0-1"]
[Round "04"]
[TimeControl "180+1"]
[Date "2022.12.07"]
[WhiteClock "0:00:14"]
[BlackClock "0:00:56"]

1. e4 e5 2. Nf3 Nc6 3. Bc4 Bc5 4. c3 d6 5. d4 exd4 6. cxd4 Bb6 7. Nc3 Nf6 8. Bg5 h6 9. Bh4 g5 10. Bg3 Bg4 11. d5 Nd4 12. Be2 Nxe2 13. Qxe2 Qe7 14. O-O O-O 15. h3 Bh5 16. e5 dxe5 17. Bxe5 Bxf3 18. gxf3 Rfe8 19. Rfe1 Nd7 20. Bg3 Qxe2 21. Rxe2 Rxe2 22. Nxe2 f5 23. f4 Re8 24. Kf1 Nf6 25. fxg5 hxg5 26. f4 g4 27. hxg4 Nxg4 28. Rc1 Ne3+ 29. Ke1 Nxd5 30. a3 a5 31. Rc4 Kf7 32. Kd2 Rd8 33. Kc1 c6 34. Nd4 Ne3 35. Bh4 Rxd4 36. Rxd4 Bxd4 37. b4 a4 38. Kd2 b5 39. Kd3 Bb6 40. Bf2 Nc4 41. Bc5 Bxc5 42. bxc5 Nxa3 43. Kd4 Nc4 0-1


[Site "https://www.chess.com"]

[Event "Titled Tuesday Blitz December 06 Early 2022"]
[White "Godzwon, Iwo"]
[Black "HSH1987"]
[WhiteFideId "21802483"]
[WhiteElo "2284"]
[BlackElo "2524"]
[Result "0-1"]
[Round "04"]
[TimeControl "180+1"]
[Date "2022.12.07"]
[WhiteClock "0:00:06"]
[BlackClock "0:00:19"]

1. e4 c6 2. d4 d5 3. e5 Bf5 4. Nd2 e6 5. Nb3 Nd7 6. Nf3 Ne7 7. Be2 Nc8 8. O-O Be7 9. Ne1 O-O 10. Bd3 Bxd3 11. Nxd3 a5 12. a4 Ncb6 13. Qg4 Kh8 14. Nbc5 Nxc5 15. dxc5 Nd7 16. Qd4 b6 17. cxb6 Qxb6 18. Qxb6 Nxb6 19. Be3 Nc4 20. Bd4 Rfc8 21. b3 c5 22. Bc3 Nb6 23. Rfb1 Kg8 24. f4 g6 25. Kf1 c4 26. bxc4 Rxc4 27. Be1 Nxa4 28. Rb5 Nc3 29. Rbxa5 Rxa5 30. Rxa5 Ne4 31. Ra2 h5 32. g3 Rc7 33. Ke2 Rb7 34. Ra1 Rc7 35. Ra2 Kg7 36. Bf2 g5 37. Bd4 Kg6 38. Ke3 g4 39. Ra7 Rxa7 40. Bxa7 Nc3 41. Bd4 Nb5 42. Bc5 Bd8 43. Nc1 h4 44. Nb3 h3 45. Bb4 Bb6+ 46. Bc5 Bd8 47. Bb4 Bc7 48. Bc5 Nc3 49. Nd4 Ne4 50. Ne2 Nxc5 0-1


[Site "https://www.chess.com"]